Map: Emerald City LE

Players

OpuS

  • Race: Protoss Protoss
  • League: Platinum
  • Spawn Location: 11:00

Sketchaphone

  • Race: Zerg Zerg
  • League: Platinum
  • Spawn Location: 11:00

hjklionblaze

  • Race: Terran Terran
  • Spawn Location: 5:00

leafall

  • Race: Protoss Protoss
  • League: Diamond
  • Spawn Location: 5:00

VOD

Have the link to the VOD?

Description

Time

  • Played on: Feb. 23, 2019, 8:51 p.m.
  • Length: 16:42
Show
View Real Time Build Order
Export as new Build Order

OpuS Protoss 

Build Orders:  

Get SALT Encoding   

  12  0:01  Probe  
  13  0:13  Probe  
  14  0:20  Pylon  
  14  0:25  Probe  
  15  0:38  Probe  
  16  0:49  Gateway  
  16  0:50  Probe  
  17  0:57  Assimilator  
  17  0:59  Assimilator  
  17  1:03  Probe  
  18  1:18  Probe  
  19  1:26  Probe  
  19  1:29  Gateway  
  20  1:34  Probe  
  21  1:42  Cybernetics Core, Probe  
  22  1:50  Pylon  
  22  1:51  Probe  
  22  2:01  Warp Gate  
  22  2:19  Stalker x2  
  26  2:23  Pylon  
  25  2:30  Gateway  
  25  2:41  Probe, Gateway  
  26  2:51  Stalker  
  28  2:58  Stalker  
  30  3:02  Probe  
  31  3:14  Probe  
  31  3:16  Pylon  
  32  3:45  Nexus  
  32  3:51  Twilight Council  
  32  4:03  Pylon  
  32  4:16  Probe  
  31  4:22  Stalker x2  
  29  4:28  Probe  
  30  4:34  Charge  
  30  4:36  Shield Battery  
  30  4:47  Stargate  
  30  4:56  Stalker  
  30  4:58  Stalker  
  34  5:06  Pylon  
  34  5:13  Stalker  
  36  5:21  Templar Archives  
  36  5:28  Stalker  
  36  5:35  Stalker  
  40  5:42  Stalker  
  42  5:49  Stalker  
  44  5:53  Probe  
  44  5:54  Probe  
  46  6:05  Probe  
  46  6:07  Probe  
  48  6:17  Probe  
  49  6:19  Probe  
  50  6:29  Probe  
  50  6:31  Probe  
  52  6:36  Shield Battery  
  52  6:40  Zealot x3  
  52  6:41  Zealot, Probe  
  52  6:43  Probe  
  62  6:54  Probe  
  62  6:55  Probe  
  64  7:11  Void Ray  
  58  7:22  Protoss Air Weapons Level 1  
  58  7:25  Stargate  
  58  7:26  Stargate  
  58  7:27  Probe x2  
  56  7:30  Assimilator  
  56  7:34  Assimilator  
  52  7:39  Probe x2  
  52  7:41  Pylon  
  54  7:44  Zealot x3  
  54  7:45  Zealot  
  54  7:50  Void Ray  
  66  8:02  Void Ray  
  66  8:14  Void Ray  
  74  8:34  Void Ray  
  74  8:35  Pylon  
  74  8:36  Pylon  
  74  8:43  Nexus  
  72  8:51  Void Ray  
  66  9:12  Void Ray  
  66  9:17  Void Ray  
  74  9:27  Void Ray  
  74  9:29  Pylon  
  74  9:30  Pylon  
  74  9:33  Assimilator  
  74  9:37  Assimilator  
  78  9:46  Zealot x2  
  78  9:49  Zealot  
  84  9:55  Probe x3  
  87  10:07  Void Ray  
  89  10:26  Void Ray x2  
  97  10:31  Probe x3  
  100  10:50  Void Ray  
  104  10:57  Probe x3  
  103  11:09  Probe, Void Ray x2  
  104  11:18  Probe x2  
  106  11:20  Fleet Beacon  
  106  11:21  Probe  
  103  11:33  Void Ray  
  99  11:42  Probe x3  
  102  11:52  Void Ray x2  
  110  11:57  Probe x3  
  113  12:07  Pylon  
  111  12:09  Probe  
  111  12:10  Pylon  
  111  12:14  Dark Shrine  
  112  12:17  Void Ray  
  112  12:22  Protoss Air Weapons Level 2  
  116  12:24  Pylon  
  116  12:26  Pylon  
  116  12:28  Pylon  
  116  12:35  Tempest  
  121  12:39  Tempest  
  126  13:00  Tempest  
  131  13:16  Zealot  
  131  13:17  Zealot x3  
  131  13:18  Nexus, Tempest  
  144  13:22  Tempest  
  149  13:32  Stargate  
  149  13:40  Gateway  
  149  13:43  Gateway  
  149  13:46  Gateway  
  149  13:47  Gateway  
  149  13:53  Dark Templar x4  
  149  14:02  Assimilator  
  149  14:06  Assimilator  
  149  14:09  Tempest  
  154  14:11  Pylon  
  154  14:12  Pylon  
  154  14:19  Tempest  
  79  14:48  Dark Templar x2  
  79  14:49  Dark Templar x2  
  87  14:54  Dark Templar  
  84  15:03  Probe x4  
  82  15:09  Void Ray  
  82  15:12  Void Ray  
  86  15:18  Zealot x2  
  86  15:19  Zealot  
  90  15:26  Void Ray  
  94  15:29  Void Ray  
  94  15:32  Probe  
  94  15:33  Probe  
  100  15:40  Dark Templar  
  102  15:47  Dark Templar  
  78  16:13  Zealot x3  
  78  16:14  Zealot x2  
  72  16:30  Dark Templar  
Show
View Real Time Build Order
Export as new Build Order

Sketchaphone Zerg 

Build Orders: Hatch First, Swarm Host 

Get SALT Encoding   

  12  0:01  Drone  
  13  0:14  Overlord  
  13  0:21  Drone  
  13  0:24  Drone, Extractor  
  15  0:32  Drone  
  16  0:36  Drone  
  17  0:59  Drone  
  17  1:01  Hatchery  
  17  1:02  Extractor  
  16  1:06  Drone  
  17  1:20  Spawning Pool  
  17  1:21  Drone  
  17  1:29  Drone  
  18  1:38  Drone  
  19  1:52  Overlord  
  19  1:57  Drone  
  20  2:08  Queen  
  20  2:09  Metabolic Boost  
  20  2:11  Zergling x2  
  20  2:12  Zergling x2  
  24  2:21  Evolution Chamber, Zergling x2  
  24  2:24  Zergling x2  
  24  2:26  Drone  
  26  2:35  Zergling x2  
  26  2:36  Zergling x2  
  28  2:42  Queen  
  30  2:49  Zergling x2  
  30  2:50  Overlord  
  31  2:56  Zergling x4  
  33  3:06  Zerg Ground Armor Level 1  
  33  3:27  Hatchery  
  33  3:33  Drone  
  33  3:35  Drone  
  33  3:37  Drone  
  33  3:40  Drone  
  36  3:46  Overlord  
  36  3:50  Drone  
  37  4:00  Queen  
  37  4:18  Drone x7  
  40  4:37  Baneling Nest  
  40  4:38  Spore Crawler  
  38  4:39  Queen  
  38  4:42  Queen  
  42  4:51  Drone x2  
  41  5:04  Zergling x6  
  41  5:05  Zerg Melee Weapons Level 1  
  44  5:08  Lair  
  44  5:17  Queen  
  46  5:32  Overlord  
  46  5:35  Zergling x2  
  46  5:36  Zergling x14  
  46  5:38  Drone  
  55  5:49  Overlord  
  55  5:51  Zergling x2  
  55  5:52  Zergling x10  
  61  5:59  Overlord  
  61  6:12  Queen  
  61  6:14  Drone x4  
  61  6:18  Zergling x10  
  72  6:38  Centrifical Hooks  
  72  6:39  Zergling x4  
  74  6:40  Zergling x2  
  74  6:43  Drone x4, Extractor  
  74  6:46  Extractor  
  76  6:48  Extractor  
  76  6:51  Baneling x5  
  76  6:52  Infestation Pit  
  74  6:55  Drone  
  74  6:56  Drone x5  
  80  7:01  Drone  
  80  7:02  Drone  
  61  7:30  Pathogen Glands  
  61  7:33  Drone x3  
  64  7:44  Hatchery  
  64  7:49  Hatchery  
  62  7:52  Overlord x3  
  62  7:55  Spire  
  61  7:58  Zerg Melee Weapons Level 2  
  59  8:13  Zergling x22  
  59  8:14  Zergling x12  
  74  8:28  Queen x3  
  74  8:29  Nydus Network  
  66  8:52  Spawning Pool  
  66  8:53  Infestor  
  56  9:03  Drone x9  
  56  9:04  Drone  
  51  9:29  Overlord  
  51  9:30  Drone  
  52  9:34  Drone  
  52  9:35  Drone  
  54  9:40  Queen, Drone x2  
  54  9:43  Drone  
  59  9:50  Burrow  
  59  9:53  Drone  
  60  10:05  Pneumatized Carapace  
  60  10:11  Zergling x16  
  68  10:19  Zergling x6  
  71  10:31  Nydus Canal  
  71  10:37  Zergling x20  
  71  10:38  Drone  
  79  10:56  Spawning Pool  
  51  11:15  Spire  
  51  11:16  Drone x10  
  60  11:39  Infestor  
  60  11:40  Infestor x5  
  72  11:50  Overseer  
  72  11:55  Infestor  
  72  12:00  Queen  
  76  12:02  Queen  
  76  12:03  Drone  
  76  12:05  Drone  
  80  12:23  Infestor x2  
  84  12:35  Extractor  
  83  12:37  Extractor  
  78  12:46  Zergling x16  
  78  12:47  Zergling x10  
  86  13:05  Queen  
  86  13:09  Overlord x3  
  88  13:16  Overlord x2  
  88  13:28  Zergling x4  
  88  13:29  Zergling x6, Corruptor  
  88  13:30  Corruptor  
  88  13:32  Swarm Host x5  
  112  13:40  Roach Warren  
  111  13:42  Drone x3  
  111  13:45  Drone  
  111  13:46  Drone  
  116  13:51  Drone  
  116  13:52  Drone x2  
  119  13:56  Zergling x4  
  119  14:01  Infestor x9  
  121  14:24  Infestor x7  
  61  15:40  Zergling x10  
  61  15:41  Zergling x14  
  40  15:52  Infestor  
  40  15:54  Queen  
Show
View Real Time Build Order
Export as new Build Order

hjklionblaze Terran 

Build Orders: Command Center First (CC) 

Get SALT Encoding   

  12  0:01  SCV  
  13  0:13  SCV  
  14  0:22  Supply Depot  
  14  0:25  SCV  
  15  0:44  SCV  
  16  0:56  SCV  
  17  1:02  Command Center  
  17  1:08  SCV  
  18  1:17  Barracks  
  18  1:24  Refinery  
  18  1:26  SCV  
  18  1:31  Refinery  
  19  1:38  SCV  
  20  1:54  SCV  
  21  2:05  Marine  
  21  2:06  SCV  
  23  2:25  Factory  
  23  2:28  SCV  
  24  2:31  Marine  
  24  2:35  Orbital Command  
  26  2:44  Orbital Command  
  26  2:49  Marine  
  26  3:05  SCV  
  27  3:10  SCV  
  28  3:15  Refinery  
  28  3:17  SCV  
  28  3:19  Starport  
  29  3:21  Starport  
  29  3:22  Supply Depot  
  29  3:26  Barracks Tech Lab  
  29  3:32  Factory Tech Lab  
  29  3:34  Marine, SCV x2  
  32  3:46  SCV x2  
  32  3:47  Refinery  
  34  3:54  Siege Tank  
  37  3:57  Barracks Tech Lab  
  37  3:58  SCV x2  
  37  4:02  Fusion Core  
  39  4:03  Starport Tech Lab  
  39  4:10  SCV x2  
  41  4:20  Starport Tech Lab  
  41  4:22  Marine, SCV x2  
  41  4:34  SCV  
  41  4:35  SCV  
  43  4:39  Marine  
  44  4:46  SCV  
  44  4:47  SCV  
  44  4:57  Marine  
  45  5:00  SCV  
  46  5:16  Supply Depot  
  46  5:37  Battlecruiser, SCV x2  
  54  5:50  Weapon Refit  
  54  5:51  Supply Depot  
  54  5:53  Supply Depot  
  54  5:58  Supply Depot  
  54  6:00  Supply Depot  
  54  6:02  Stimpack  
  54  6:10  Engineering Bay x2  
  54  6:12  Marine  
  54  6:13  Battlecruiser, SCV, Command Center  
  54  6:14  SCV  
  63  6:25  SCV  
  64  6:26  SCV  
  64  6:32  Supply Depot  
  65  6:37  SCV  
  65  6:38  SCV  
  67  6:44  Marine  
  67  6:45  Siege Tank  
  67  6:47  Battlecruiser  
  77  6:49  SCV  
  77  6:51  SCV  
  77  6:53  Terran Infantry Weapons Level 1  
  79  6:54  Terran Infantry Armor Level 1  
  79  7:02  Marine  
  66  7:32  Marine, Siege Tank  
  66  7:35  Battlecruiser, SCV  
  66  7:36  SCV  
  78  7:50  Marine, Missile Turret  
  79  8:28  Marine  
  79  8:29  Siege Tank  
  79  8:30  Battlecruiser  
  89  8:45  Marine  
  90  9:02  Battlecruiser  
  90  9:20  Planetary Fortress  
  90  9:21  SCV x2  
  92  9:25  Missile Turret  
  92  9:26  Missile Turret  
  92  9:32  Armory, Combat Shield  
  92  9:33  SCV x2  
  92  9:34  Marine  
  92  9:36  Siege Tank  
  92  9:37  Medivac  
  100  9:48  Barracks x2, SCV x2  
  100  9:49  Barracks  
  100  9:50  Barracks  
  100  9:52  Marine  
  103  10:03  SCV x2  
  103  10:04  SCV  
  106  10:09  Missile Turret  
  106  10:10  Marine  
  106  10:12  Missile Turret  
  107  10:18  Medivac  
  107  10:20  Terran Infantry Weapons Level 2  
  109  10:23  Supply Depot  
  109  10:25  Terran Infantry Armor Level 2  
  109  10:28  Refinery  
  109  10:31  Refinery  
  109  10:36  Missile Turret  
  109  10:37  Missile Turret  
  109  10:38  Supply Depot  
  109  10:42  Missile Turret  
  109  10:45  Marine, Siege Tank, SCV x3  
  109  10:46  Command Center  
  116  10:57  SCV  
  116  11:00  SCV x2  
  116  11:03  Marine  
  112  11:12  Barracks Reactor x2, SCV  
  112  11:13  Barracks Reactor x2  
  112  11:20  Marine  
  112  11:22  Terran Ship Weapons Level 1  
  113  11:38  Marine  
  117  11:41  Battlecruiser  
  117  11:46  SCV x3  
  123  11:56  Marine  
  123  11:57  Supply Depot  
  123  11:58  Supply Depot  
  123  12:00  Supply Depot  
  124  12:14  Marine  
  124  12:15  Orbital Command  
  125  12:21  Marine x2  
  125  12:22  Marine x6  
  133  12:27  Command Center  
  133  12:32  Marine  
  134  12:39  Marine x8  
  134  12:40  Terran Infantry Weapons Level 3  
  142  12:49  Marine  
  143  12:57  Marine x8  
  151  13:07  Marine, Siege Tank  
  151  13:09  Battlecruiser  
  151  13:10  Battlecruiser  
  167  13:14  Marine, Supply Depot  
  167  13:15  Marine x4  
  167  13:18  Terran Infantry Armor Level 3  
  172  13:23  Terran Ship Weapons Level 2  
  172  13:32  Marine x5  
  172  13:33  Marine x4  
  181  13:36  Supply Depot x3  
  181  13:38  Supply Depot  
  181  13:42  Planetary Fortress  
  181  13:47  Refinery, SCV x3  
  181  13:48  Refinery, SCV  
  185  13:50  Marine x6, Missile Turret  
  185  13:51  Marine x3  
  185  13:53  Missile Turret  
  194  13:57  Supply Depot  
  194  14:06  Missile Turret  
  194  14:07  Marine x4  
  194  14:08  Marine x2  
  200  14:21  Missile Turret  
  152  14:46  Marine  
  152  14:47  Marine x8  
  152  14:52  Medivac x2  
  154  15:00  Siege Tank  
  154  15:04  Marine  
  154  15:05  Marine x8  
  151  15:22  Marine x3, Battlecruiser x2  
  151  15:23  Marine x6  
  167  15:32  Siege Tank  
  147  15:36  SCV x2  
  147  15:37  SCV x3  
  147  15:40  Marine x6  
  156  15:43  Marine x2  
  156  15:44  Marine  
  159  15:58  Marine x4  
  159  16:02  Command Center  
  157  16:15  Marine x3  
  157  16:16  Marine x6  
  164  16:23  Starport  
  165  16:38  Missile Turret  
  174  16:42  Armory  
Show
View Real Time Build Order
Export as new Build Order

leafall Protoss 

Build Orders: Chargelot Immortal 

Get SALT Encoding   

  12  0:02  Probe  
  13  0:14  Probe  
  14  0:27  Probe  
  15  0:29  Pylon  
  15  0:41  Assimilator  
  15  0:47  Probe  
  15  0:48  Gateway  
  16  0:57  Pylon  
  17  1:04  Probe  
  17  1:16  Probe  
  18  1:28  Probe  
  19  1:40  Probe  
  19  1:46  Nexus  
  20  1:52  Probe  
  21  2:01  Cybernetics Core  
  21  2:04  Probe  
  22  2:16  Assimilator  
  22  2:19  Probe  
  23  2:31  Probe, Warp Gate  
  23  2:32  Stalker  
  24  2:41  Probe  
  27  2:48  Pylon  
  27  2:50  Probe  
  27  2:58  Probe  
  29  3:06  Robotics Facility  
  29  3:09  Probe  
  29  3:10  Sentry  
  32  3:19  Probe  
  33  3:21  Probe  
  34  3:30  Twilight Council  
  34  3:31  Probe, Gateway  
  34  3:34  Probe  
  36  3:38  Stalker  
  38  3:43  Probe  
  38  3:46  Probe  
  40  3:50  Shield Battery  
  40  3:55  Probe  
  40  3:57  Assimilator  
  40  3:58  Probe  
  40  4:01  Assimilator  
  42  4:08  Probe  
  35  4:21  Stalker  
  34  4:35  Probe  
  34  4:37  Probe  
  36  4:47  Probe  
  36  4:49  Probe  
  38  4:55  Pylon  
  38  4:59  Pylon  
  39  5:00  Probe  
  39  5:06  Stalker  
  41  5:09  Probe  
  41  5:12  Probe  
  43  5:21  Probe, Immortal  
  43  5:24  Probe  
  49  5:30  Stalker  
  51  5:36  Probe  
  51  5:39  Probe  
  51  5:41  Charge  
  53  5:48  Probe  
  54  5:56  Gateway, Immortal  
  54  5:58  Gateway  
  54  6:01  Gateway  
  54  6:03  Forge  
  58  6:15  Sentry  
  60  6:34  Adept  
  62  6:49  Pylon  
  62  6:52  Pylon  
  62  7:13  Immortal  
  60  7:23  Protoss Ground Weapons Level 1  
  50  7:31  Probe x2  
  52  7:40  Forge  
  52  7:42  Gateway  
  52  7:43  Probe x2  
  54  7:44  Gateway  
  54  7:47  Zealot x3  
  54  7:48  Zealot  
  62  7:53  Protoss Ground Armor Level 1  
  62  8:10  Nexus  
  62  8:13  Pylon  
  62  8:15  Pylon  
  62  8:20  Nexus  
  62  8:26  Templar Archives  
  62  8:31  Probe x2, Immortal  
  62  8:33  Shield Battery  
  68  8:36  Shield Battery  
  68  8:39  Zealot x5  
  68  8:40  Zealot  
  78  8:44  Probe x2  
  73  8:56  Probe x2  
  73  9:00  Photon Cannon  
  75  9:03  Photon Cannon  
  75  9:04  Psionic Storm  
  75  9:08  Probe x2  
  75  9:09  Pylon  
  77  9:12  Pylon  
  77  9:21  Protoss Ground Weapons Level 2  
  77  9:22  Immortal  
  81  9:25  Probe  
  81  9:26  Probe  
  83  9:38  Probe x4  
  87  9:42  Pylon  
  87  9:44  Pylon  
  87  9:45  Pylon x2  
  87  9:46  Assimilator  
  87  9:49  High Templar x4, Assimilator  
  87  9:50  High Templar x2, Probe x4  
  103  10:05  Photon Cannon  
  103  10:06  Protoss Ground Armor Level 2  
  103  10:07  Shield Battery  
  103  10:08  Photon Cannon  
  103  10:10  Photon Cannon  
  103  10:19  Archon x2  
  97  10:41  High Templar x4  
  97  10:42  High Templar x2  
  104  10:50  Archon  
  104  10:51  Archon x2  
  96  11:15  High Templar x3  
  82  11:37  Nexus  
  82  11:40  Pylon  
  82  11:53  Gateway  
  82  11:55  Protoss Ground Weapons Level 3  
  82  11:56  Pylon, Gateway  
  82  11:59  Gateway  
  82  12:00  Gateway  
  82  12:01  Zealot x5  
  83  12:02  Zealot  
  83  12:03  Pylon  
  83  12:06  Pylon  
  83  12:08  Pylon  
  93  12:10  Pylon  
  93  12:21  Zealot  
  93  12:22  Zealot x3  
  101  12:23  Zealot x2  
  105  12:39  Nexus  
  105  12:42  Pylon  
  105  12:44  Pylon  
  97  12:52  Archon  
  89  13:06  High Templar  
  89  13:07  High Templar x5  
  89  13:08  High Templar  
  89  13:10  Probe x2  
  105  13:16  Protoss Ground Armor Level 3  
  105  13:22  Probe  
  105  13:23  Probe  
  105  13:24  Probe  
  108  13:31  Probe x2  
  108  13:36  Probe  
  108  13:39  Probe x2  
  111  13:44  Zealot  
  111  13:45  Zealot x6  
  111  13:46  Zealot x3  
  133  13:48  Probe  
  133  13:49  Probe x2  
  134  13:59  Observer  
  134  14:00  Probe  
  134  14:01  Probe  
  134  14:02  Probe x2  
  139  14:09  High Templar x3  
  145  14:13  Probe x2, Assimilator  
  145  14:14  Probe x2  
  145  14:16  Assimilator  
  149  14:21  Nexus  
  149  14:22  Protoss Shields Level 1  
  149  14:23  Pylon  
  149  14:25  Pylon, Probe x2  
  149  14:26  Probe  
  152  14:38  Nexus  
  152  14:41  Pylon  
  152  14:43  Photon Cannon  
  140  15:32  High Templar x3  
  140  15:33  High Templar x6  
  158  15:47  Probe x3  
  151  16:16  Archon  
  151  16:21  Zealot x4  
  151  16:22  Zealot x5  
  151  16:23  Zealot  
Tags
 
Add a new tag
Caveats
  • Supply blocks, unpowered buildings, or Contaminate may cause inaccurate times.
  • Supply counts are checked every 10 seconds.